 Dungeon Crawl Stone Soup version 0.30-a0-760-g5a9884bb7c (webtiles) character file.

Game seed: 14774044800307660274

18 funkygono the Firebug (level 2, -1/15 HPs)
             Began as a Gargoyle Fire Elementalist on Feb 10, 2023.
             Slain by a necrophage (6 damage)
             ... on level 2 of the Dungeon.
             The game lasted 00:01:54 (1043 turns).

funkygono the Firebug (Gargoyle Fire Elementalist)  Turns: 1043, Time: 00:01:55

Health: -1/15      AC:  4    Str: 11    XL:     2   Next: 70%
Magic:  1/5        EV: 12    Int: 15    God:
Gold:   27         SH:  0    Dex: 10    Spells: 2/5 levels left

rFire   . . .      SeeInvis .    g - +0 club
rCold   . . .      Faith    .    (no shield)
rNeg    + . .      Spirit   .    a - +0 robe
rPois   ∞          Reflect  .    (no helmet)
rElec   +          Harm     .    (no cloak)
rCorr   .          Rampage  .    (no gloves)
Will    .....                    (no boots)
Stlth   ++                       (no amulet)
HPRegen 0.22/turn                (no ring)
MPRegen 0.09/turn                (no ring)

@: no status effects
A: sickness immunity, AC +2, negative energy resistance 1, electricity
resistance, torment resistance 1, petrification resistance
a: no special abilities


You were on level 2 of the Dungeon.
You visited 1 branch of the dungeon, and saw 2 of its levels.

You collected 27 gold pieces.

Inventory:

Hand Weapons
 g - a +0 club (weapon)
Armour
 a - a +0 robe (worn)
 h - a +0 leather armour
Jewellery
 c - a ring of fire
Scrolls
 e - 3 scrolls of identify {unknown}
Potions
 b - a potion of magic
 d - 2 potions of flight {unknown}
 f - a potion of curing {unknown}


   Skills:
 + Level 1.7 Dodging
 - Level 2.1 Stealth
 + Level 2.2 Spellcasting
 + Level 1.1 Conjurations
 + Level 3.5 Fire Magic


You had 2 spell levels left.
You knew the following spells:

 Your Spells              Type           Power      Damage    Failure   Level
a - Foxfire               Conj/Fire      32%        2x1d5     9%          1
b - Scorch                Fire           24%        2d6       8%          2

Your spell library contained the following spells:

 Spells                   Type           Power      Damage    Failure   Level
 Inner Flame              Hex/Fire       7%         N/A       30%         3
 Kindle Blastsparks       Fire/Tloc/Air  10%        2d10      36%         3
 Flame Wave               Conj/Fire      8%         2d5       63%         4


Dungeon Overview and Level Annotations

Branches:
Dungeon (2/15)

Altars:


Innate Abilities, Weirdness & Mutations

You are immune to sickness and miasma.
Your stone body is resilient. (AC +2)
You are immune to poison.
You resist negative energy. (rN+)
You are resistant to electric shocks. (rElec)
You are resistant to unholy torment.
You are immune to petrification.


Message History

The necrophage hits you.
Casting: Foxfire (safe; 9% risk of failure)
Confirm with . or Enter, or press ? or * to list all spells.
You conjure some foxfire!
The foxfire hits the necrophage.
The necrophage is lightly damaged.
The foxfire hits the necrophage.
The necrophage is moderately damaged.
The necrophage barely misses you.
Unknown command.
Casting: Foxfire (safe; 9% risk of failure)
Confirm with . or Enter, or press ? or * to list all spells.
You don't have enough magic to cast this spell.
Unknown command.
You hit the necrophage.
The necrophage is moderately damaged.
The foxfire hits the necrophage.
The necrophage is heavily damaged.
The foxfire hits the necrophage.
The necrophage is heavily damaged.
The necrophage hits you.
You hit the necrophage.
The necrophage is heavily damaged.
The necrophage closely misses you.
You hit the necrophage.
The necrophage is severely damaged.
The necrophage hits you but does no damage.
You barely miss the necrophage.
The necrophage is severely damaged.
The necrophage misses you.
The necrophage hits you but does no damage.
You hit the necrophage. Your punch misses the necrophage.
The necrophage is severely damaged.
The necrophage closely misses you.
You hit the necrophage.
The necrophage is almost destroyed.
The necrophage hits you.
You hit the necrophage.
The necrophage is almost destroyed.
The necrophage hits you.
You die...

###'###.†.....##.#
#.####'#
......#.......##.#
#[# #...
......#......<##.#
#.# #.>.
......#.......##.#
#.# #...
......#.......##.#
### ####
###...........##.#
#####.......##.# #
#.....<.##'#.#
#.........@.$#
#######...n†.#
#.....?# ####.#...
#.##### #.. ###


You could see a necrophage.

Vanquished Creatures
  4 ball pythons
  A bat (D:1)
  An endoplasm (D:1)
  2 hobgoblins (D:1)
  A frilled lizard (D:1)
  A goblin (D:1)
  4 kobolds (D:1)
  4 rats
18 creatures vanquished.

Vanquished Creatures (others)
  63 foxfires
63 creatures vanquished.

Grand Total: 81 creatures vanquished

Notes
Turn   | Place    | Note
-------+----------+-------------------------------------------
     0 | D:1      | funkygono the Gargoyle Fire Elementalist began the quest
                  | for the Orb.
     0 | D:1      | Reached XP level 1. HP: 10/10 MP: 3/3
   255 | D:1      | Reached XP level 2. HP: 15/15 MP: 0/5
   258 | D:1      | Learned a level 2 spell: Scorch
   463 | D:1      | Found a faded altar of an unknown god.
  1029 | D:2      | Noticed a necrophage
  1043 | D:2      | Slain by a necrophage

Illustrated notes

Levels and vault maps discovered:
D:1:      dpeg_arrival_arbitrary_b, layout_rooms, basic_ecumenical_altar
D:2:      layout_basic, uniq_crazy_yiuf_cottage, uniq_robin

Action                     || total
---------------------------++-------
  Melee: Club              ||     9
   Cast: Foxfire           ||    35
         Scorch            ||     1
 Armour: Robe              ||     4
  Dodge: Dodged            ||    21

Table legend: (Time is in decaauts)
 A = Elapsed time spent in this place.
 B = Non-inter-level travel time spent in this place.
 C = Inter-level travel time spent in this place.
 D = Time resting spent in this place.
 E = Time spent auto-exploring this place.
 F = Levels seen in this place.
 G = Mean time per level.
                   A        B        C        D        E       F      G
               +--------+--------+--------+--------+--------+-----+--------+
         Total |   1044 |   1022 |     22 |      0 |    819 |   2 |  522.0 |
       Dungeon |   1044 |   1022 |     22 |      0 |    819 |   2 |  522.0 |
               +--------+--------+--------+--------+--------+-----+--------+

Top non-repeatable levels by time:
     D:1: 864 daAuts
     D:2: 179 daAuts
